| TOP OF THE 1ST |
|
London Majors batting - Pitching for Hamilton Cardinals : RHP Rob Halley
|
|
Pitching: RHP Rob Halley
|
|
|
Batting: SHB Steve Ramsey
|
0-0: Called Strike 0-1: Ball 1-1: Foul Ball, location: 2F 1-2: Ball 2-2: Fly out, F8 (Flyball, 78XD, EV 90.6 MPH)
|
|
Batting: LHB Jessie Stewart
|
0-0: Called Strike 0-1: Ball 1-1: Swinging Strike 1-2: Strikes out looking
|
|
Batting: SHB Toby Patenaude
|
0-0: Called Strike 0-1: Called Strike 0-2: Strikes out swinging
|
| Top of the 1st over - 0 runs, 0 hits, 0 errors, 0 left on base; London 0 - Hamilton 0 |
| BOTTOM OF THE 1ST |
|
Hamilton Cardinals batting - Pitching for London Majors : LHP Frank Cota
|
|
Pitching: LHP Frank Cota
|
|
|
Batting: SHB Kelly Brooks
|
0-0: Called Strike 0-1: SINGLE (Groundball, 6MS, EV 63.1 MPH) (infield hit)
|
|
Batting: LHB Rafael Banda
|
0-0: Ball 1-0: Called Strike 1-1: Called Strike 1-2: Foul Ball, location: 2F 1-2: SINGLE (Groundball, 34, EV 81.2 MPH) (infield hit) Kelly Brooks to second
|
|
Batting: RHB Shou-feng Chang
|
0-0: Ball 1-0: Called Strike 1-1: Fly out, F7 (Flyball, 78M, EV 83.8 MPH)
|
|
Batting: SHB J.T. Ready
|
0-0: Foul Ball, location: 2F 0-1: Ball 1-1: Ball 2-1: Called Strike 2-2: Ball 3-2: Strikes out looking
|
|
Batting: LHB Pete Mitchell
|
0-0: Called Strike 0-1: Ball 1-1: Ball 2-1: Ball 3-1: SINGLE (Line Drive, 8LS, EV 93.1 MPH) Kelly Brooks to third Rafael Banda to second
|
|
Batting: SHB Jae-hong Kym
|
0-0: Called Strike 0-1: Ground out U3 (Groundball, 3, EV 88.1 MPH)
|
| Bottom of the 1st over - 0 runs, 3 hits, 0 errors, 3 left on base; London 0 - Hamilton 0 |
| TOP OF THE 2ND |
|
London Majors batting - Pitching for Hamilton Cardinals : RHP Rob Halley
|
|
Batting: RHB Cedric Nicholls
|
0-0: Ball 1-0: Called Strike 1-1: Ground out 3-1 (Groundball, 34S, EV 66.2 MPH)
|
|
Batting: RHB Cormackle Poohdatoot
|
0-0: Ball 1-0: Called Strike 1-1: SINGLE (Line Drive, 34D, EV 94.4 MPH)
|
|
Batting: RHB Tom Bergman
|
0-0: Foul Ball, location: 2F 0-1: Foul Ball, location: 2F 0-2: Ball 1-2: Ball 2-2: Ground out 5-3 (Groundball, 56S, EV 68.1 MPH) Cormackle Poohdatoot to second
|
|
Batting: RHB Lewis O'Connell
|
0-0: Ball 1-0: Swinging Strike 1-1: Foul Ball, location: 2F 1-2: Ball 2-2: Foul Ball, location: 2F 2-2: Fly out, F9 (Flyball, 9, EV 82.5 MPH)
|
| Top of the 2nd over - 0 runs, 1 hit, 0 errors, 1 left on base; London 0 - Hamilton 0 |
| BOTTOM OF THE 2ND |
|
Hamilton Cardinals batting - Pitching for London Majors : LHP Frank Cota
|
|
Batting: SHB Brad Meyer
|
0-0: Ball 1-0: Swinging Strike 1-1: Fly out, F3 (Popup, 34S, EV 83.1 MPH)
|
|
Batting: SHB Felipe Campanella
|
0-0: Called Strike 0-1: Called Strike 0-2: Ball 1-2: Foul Ball, location: 2F 1-2: Strikes out swinging
|
|
Batting: RHB Dan Wages
|
0-0: Ball 1-0: Ball 2-0: Ball 3-0: Base on Balls
|
|
Batting: SHB Kelly Brooks
|
0-0: Ball 1-0: Ground out 1-3 (Groundball, 15S, EV 71.9 MPH)
|
| Bottom of the 2nd over - 0 runs, 0 hits, 0 errors, 1 left on base; London 0 - Hamilton 0 |
| TOP OF THE 3RD |
|
London Majors batting - Pitching for Hamilton Cardinals : RHP Rob Halley
|
|
Batting: RHB Frank Pinksen
|
0-0: Swinging Strike 0-1: Called Strike 0-2: Ball 1-2: Foul Ball, location: 2F 1-2: Strikes out swinging
|
|
Batting: RHB Jerry Perez
|
0-0: Called Strike 0-1: Ball 1-1: Ball 2-1: Called Strike 2-2: Fly out, F7 (Line Drive, 7, EV 110.0 MPH)
|
|
Batting: SHB Steve Ramsey
|
0-0: Swinging Strike 0-1: Ball 1-1: Called Strike 1-2: Foul Ball, location: 2F 1-2: Foul Ball, location: 2F 1-2: Ball 2-2: Foul Ball, location: 2F 2-2: Strikes out swinging
|
| Top of the 3rd over - 0 runs, 0 hits, 0 errors, 0 left on base; London 0 - Hamilton 0 |
| BOTTOM OF THE 3RD |
|
Hamilton Cardinals batting - Pitching for London Majors : LHP Frank Cota
|
|
Batting: LHB Rafael Banda
|
0-0: Called Strike 0-1: Foul Ball, location: 2F 0-2: Ground out 6-3 (Groundball, 6, EV 86.9 MPH)
|
|
Batting: RHB Shou-feng Chang
|
0-0: Called Strike 0-1: Called Strike 0-2: Foul Ball, location: 2F 0-2: Ball 1-2: Fly out, F8 (Flyball, 8LXD, EV 90.6 MPH)
|
|
Batting: SHB J.T. Ready
|
0-0: Ball 1-0: Ball 2-0: Ball 3-0: Base on Balls
|
|
Batting: LHB Pete Mitchell
|
0-0: Ball 1-0: Ground out 5-3 (Groundball, 15, EV 93.8 MPH)
|
| Bottom of the 3rd over - 0 runs, 0 hits, 0 errors, 1 left on base; London 0 - Hamilton 0 |
| TOP OF THE 4TH |
|
London Majors batting - Pitching for Hamilton Cardinals : RHP Rob Halley
|
|
Batting: LHB Jessie Stewart
|
0-0: Called Strike 0-1: Ball 1-1: Ball 2-1: Foul Ball, location: 2F 2-2: SINGLE (Flyball, 4D, EV 88.1 MPH)
|
|
Batting: SHB Toby Patenaude
|
0-0: Foul Ball, location: 2F 0-1: Swinging Strike 0-2: Ball 1-2: 2-RUN HOME RUN (Flyball, 9LD, EV 92.5 MPH), Distance : 338 ft
|
|
Batting: RHB Cedric Nicholls
|
0-0: Called Strike 0-1: Ball 1-1: Foul Ball, location: 2F 1-2: Foul Ball, location: 2F 1-2: Ball 2-2: Ball 3-2: Strikes out looking
|
|
Batting: RHB Cormackle Poohdatoot
|
0-0: Ground out 5-3 (Groundball, 56S, EV 80.0 MPH)
|
|
Batting: RHB Tom Bergman
|
0-0: Called Strike 0-1: Called Strike 0-2: Foul Ball, location: 2F 0-2: Strikes out swinging
|
| Top of the 4th over - 2 runs, 2 hits, 0 errors, 0 left on base; London 2 - Hamilton 0 |
| BOTTOM OF THE 4TH |
|
Hamilton Cardinals batting - Pitching for London Majors : LHP Frank Cota
|
|
Batting: SHB Jae-hong Kym
|
0-0: Ball 1-0: Swinging Strike 1-1: Called Strike 1-2: Strikes out looking
|
|
Batting: SHB Brad Meyer
|
0-0: Called Strike 0-1: Swinging Strike 0-2: Foul Ball, location: 2F 0-2: Ball 1-2: Strikes out looking
|
|
Batting: SHB Felipe Campanella
|
0-0: Ball 1-0: Ball 2-0: Ball 3-0: Called Strike 3-1: Called Strike 3-2: Strikes out swinging
|
| Bottom of the 4th over - 0 runs, 0 hits, 0 errors, 0 left on base; London 2 - Hamilton 0 |
| TOP OF THE 5TH |
|
London Majors batting - Pitching for Hamilton Cardinals : RHP Rob Halley
|
|
Batting: RHB Lewis O'Connell
|
0-0: Swinging Strike 0-1: Swinging Strike 0-2: Foul Ball, location: 2F 0-2: Strikes out looking
|
|
Batting: RHB Frank Pinksen
|
0-0: Fly out, F9 (Line Drive, 89D, EV 91.2 MPH)
|
|
Batting: RHB Jerry Perez
|
0-0: Ball 1-0: Called Strike 1-1: Ball 2-1: Swinging Strike 2-2: Ball 3-2: Foul Ball, location: 2F 3-2: Strikes out looking
|
| Top of the 5th over - 0 runs, 0 hits, 0 errors, 0 left on base; London 2 - Hamilton 0 |
| BOTTOM OF THE 5TH |
|
Hamilton Cardinals batting - Pitching for London Majors : LHP Frank Cota
|
|
Batting: RHB Dan Wages
|
0-0: Reached via error on a dropped throw from SS, E3 (Groundball, 6, EV 93.1 MPH)
|
|
Batting: SHB Kelly Brooks
|
0-0: Hit by Pitch Dan Wages to second
|
|
Batting: LHB Rafael Banda
|
0-0: Fielders Choice at 2nd, 3-6 (Groundball, 3S, EV 79.4 MPH) Dan Wages to third
|
|
Batting: RHB Shou-feng Chang
|
0-0: Ball 1-0: SINGLE (Line Drive, 4MD, EV 103.8 MPH) Dan Wages scores Rafael Banda to second
|
|
Batting: SHB J.T. Ready
|
0-0: Swinging Strike 0-1: Called Strike 0-2: Ball 1-2: SINGLE (Groundball, 34D, EV 107.5 MPH) Rafael Banda to third Shou-feng Chang to second
|
|
Batting: LHB Pete Mitchell
|
0-0: Ball 1-0: Ball 2-0: Called Strike 2-1: Foul Ball, location: 2F 2-2: Strikes out looking
|
|
Batting: SHB Jae-hong Kym
|
0-0: Foul Ball, location: 2F 0-1: DOUBLE (Line Drive, 9LM, EV 102.5 MPH) Rafael Banda scores Shou-feng Chang scores J.T. Ready to third Runner from 3rd tries for Home, SAFE, throw by RF to home
|
|
Batting: SHB Brad Meyer
|
0-0: Called Strike 0-1: Ball 1-1: Called Strike 1-2: Ball 2-2: Foul Ball, location: 2F 2-2: Strikes out swinging
|
| Bottom of the 5th over - 4 runs, 3 hits, 1 error, 1 left on base; London 2 - Hamilton 4 |
| TOP OF THE 6TH |
|
London Majors batting - Pitching for Hamilton Cardinals : RHP Rob Halley
|
|
Pitching: RHP Francisco Galindo
|
|
|
Batting: SHB Steve Ramsey
|
0-0: Called Strike 0-1: Called Strike 0-2: Strikes out swinging
|
|
Batting: LHB Jessie Stewart
|
0-0: Swinging Strike 0-1: Ball 1-1: Foul Ball, location: 2F 1-2: Ball 2-2: Strikes out swinging
|
|
Batting: SHB Toby Patenaude
|
0-0: Ball 1-0: Ball 2-0: Called Strike 2-1: Foul Ball, location: 2F 2-2: Ball 3-2: Base on Balls
|
|
Batting: SHB Mike Fermin
|
0-0: Foul Ball, location: 2F 0-1: Ball 1-1: Called Strike 1-2: Ball 2-2: Ball 3-2: Foul Ball, location: 2F 3-2: Base on Balls Toby Patenaude to second
|
|
Pinch Hitting: RHB Mel Bohorquez
|
0-0: Ball 1-0: Called Strike 1-1: Fly out, F7 (Flyball, 78M, EV 83.8 MPH)
|
| Top of the 6th over - 0 runs, 0 hits, 0 errors, 2 left on base; London 2 - Hamilton 4 |
| BOTTOM OF THE 6TH |
|
Hamilton Cardinals batting - Pitching for London Majors : LHP Frank Cota
|
|
Now at 1B: Joy-shan Li
|
|
|
Batting: SHB Felipe Campanella
|
0-0: Ball 1-0: Ground out 6-3 (Groundball, 6, EV 82.5 MPH)
|
|
Batting: RHB Dan Wages
|
0-0: Foul Ball, location: 2F 0-1: Foul Ball, location: 2F 0-2: Ball 1-2: Ball 2-2: Strikes out swinging
|
|
Batting: SHB Kelly Brooks
|
0-0: Called Strike 0-1: Swinging Strike 0-2: Ball 1-2: Ball 2-2: Ball 3-2: Ground out 6-3 (Groundball, 6, EV 103.8 MPH)
|
| Bottom of the 6th over - 0 runs, 0 hits, 0 errors, 0 left on base; London 2 - Hamilton 4 |
| TOP OF THE 7TH |
|
London Majors batting - Pitching for Hamilton Cardinals : RHP Francisco Galindo
|
|
Pinch Hitting: RHB Manny Corral
|
0-0: Ball 1-0: Swinging Strike 1-1: Ball 2-1: Swinging Strike 2-2: Ball 3-2: Base on Balls
|
|
Pinch Hitting: RHB Mike Vaughan
|
0-0: Ball 1-0: Ball 2-0: Swinging Strike 2-1: Bunted foul 2-2: Strikes out looking
|
|
Batting: RHB Frank Pinksen
|
0-0: Fly out, F6 (Popup, 6MS, EV 62.5 MPH)
|
|
Pinch Hitting: SHB Joe Loveless
|
0-0: Called Strike 0-1: Foul Ball, location: 2F 0-2: Ball 1-2: SINGLE (Line Drive, 7LS, EV 102.5 MPH) Manny Corral to second
|
|
Batting: SHB Steve Ramsey
|
0-0: Swinging Strike 0-1: Foul Ball, location: 2F 0-2: Ball 1-2: Strikes out swinging
|
| Top of the 7th over - 0 runs, 1 hit, 0 errors, 2 left on base; London 2 - Hamilton 4 |
| BOTTOM OF THE 7TH |
|
Hamilton Cardinals batting - Pitching for London Majors : LHP Frank Cota
|
|
Now at 2B: Mike Vaughan
|
|
|
Now at 3B: Manny Corral
|
|
|
Now at SS: Toby Patenaude
|
|
|
Now in LF: Edwin Esparza
|
|
|
Batting: LHB Rafael Banda
|
0-0: Called Strike 0-1: Foul Ball, location: 2F 0-2: Ball 1-2: Ground out U3 (Groundball, 3, EV 111.9 MPH)
|
|
Batting: RHB Shou-feng Chang
|
0-0: Called Strike 0-1: SINGLE (Line Drive, 78S, EV 88.8 MPH)
|
|
Batting: SHB J.T. Ready
|
0-0: Called Strike 0-1: SINGLE (Flyball, 7LS, EV 88.8 MPH) Shou-feng Chang to second
|
|
Batting: LHB Pete Mitchell
|
0-0: Called Strike 0-1: Foul Ball, location: 2F 0-2: Strikes out swinging
|
|
Batting: SHB Jae-hong Kym
|
0-0: Ball 1-0: Ground out 3-1 (Groundball, 34, EV 84.4 MPH)
|
| Bottom of the 7th over - 0 runs, 2 hits, 0 errors, 2 left on base; London 2 - Hamilton 4 |
| TOP OF THE 8TH |
|
London Majors batting - Pitching for Hamilton Cardinals : RHP Francisco Galindo
|
|
Pitching: LHP Tim Dyer
|
|
|
Batting: LHB Jessie Stewart
|
0-0: Called Strike 0-1: Foul Ball, location: 2F 0-2: Strikes out swinging
|
|
Pitching: LHP Craig Soole
|
|
|
Batting: SHB Toby Patenaude
|
0-0: Ball 1-0: Ball 2-0: Foul Ball, location: 2F 2-1: Swinging Strike 2-2: Foul Ball, location: 2F 2-2: Hit by Pitch
|
|
Batting: SHB Mike Fermin
|
0-0: Ball 1-0: Fielders Choice at 2nd, 6-4 (Groundball, 6, EV 100.0 MPH)
|
|
Batting: RHB Joy-shan Li
|
0-0: Foul Ball, location: 2F 0-1: Ball 1-1: Ball 2-1: Swinging Strike 2-2: Foul Ball, location: 2F 2-2: Strikes out looking
|
| Top of the 8th over - 0 runs, 0 hits, 0 errors, 1 left on base; London 2 - Hamilton 4 |
| BOTTOM OF THE 8TH |
|
Hamilton Cardinals batting - Pitching for London Majors : LHP Frank Cota
|
|
Batting: SHB Brad Meyer
|
0-0: Ball 1-0: Ball 2-0: Foul Ball, location: 2F 2-1: Foul Ball, location: 2F 2-2: Foul Ball, location: 2F 2-2: Foul Ball, location: 2F 2-2: Ball 3-2: Foul Ball, location: 2F 3-2: Foul Ball, location: 2F 3-2: Strikes out swinging
|
|
Pitching: RHP Josh Nelson
|
|
|
Batting: SHB Felipe Campanella
|
0-0: Ball 1-0: Called Strike 1-1: Ball 2-1: Swinging Strike 2-2: Hit by Pitch
|
|
Batting: RHB Dan Wages
|
0-0: Called Strike 0-1: Called Strike Felipe Campanella steals 2nd base 0-2: Ball 1-2: Fly out, F9 (Flyball, 9, EV 96.2 MPH) Runner from 2nd tags up, SAFE at 3rd with throw by RF
|
|
Batting: SHB Kelly Brooks
|
0-0: Called Strike 0-1: Ball 1-1: SINGLE (Groundball, 6, EV 110.6 MPH) Felipe Campanella scores
|
|
Batting: LHB Rafael Banda
|
0-0: Ground out 1-3 (Groundball, 23, EV 65.0 MPH)
|
| Bottom of the 8th over - 1 run, 1 hit, 0 errors, 1 left on base; London 2 - Hamilton 5 |
| TOP OF THE 9TH |
|
London Majors batting - Pitching for Hamilton Cardinals : LHP Craig Soole
|
|
Pitching: RHP David Lopez
|
|
|
Batting: RHB Manny Corral
|
0-0: Foul Ball, location: 2F 0-1: Swinging Strike 0-2: Foul Ball, location: 2F 0-2: Fly out, F9 (Flyball, 89M, EV 96.9 MPH)
|
|
Batting: RHB Mike Vaughan
|
0-0: Called Strike 0-1: Foul Ball, location: 2F 0-2: Ball 1-2: Strikes out looking
|
|
Pinch Hitting: RHB Chad Colyer
|
0-0: Foul Ball, location: 2F 0-1: Ball 1-1: Swinging Strike 1-2: Ball 2-2: Foul Ball, location: 2F 2-2: Ball 3-2: Fly out, F9 (Flyball, 89S, EV 82.5 MPH)
|
| Top of the 9th over - 0 runs, 0 hits, 0 errors, 0 left on base; London 2 - Hamilton 5 |
|